 Dungeon Crawl Stone Soup version 0.25.1-8-g42b30a86e7 (webtiles) character file.

Game seed: 5646936083948613427

2346 Snicker the Grappler (level 9, -12/76 HPs)
             Began as a Troll Transmuter on Dec 17, 2020.
             Was a Priest of Cheibriados.
             Mangled by a large abomination (23 damage)
             ... on level 1 of the Abyss.
             The game lasted 00:14:49 (5139 turns).

Snicker the Grappler (Troll Transmuter)             Turns: 5139, Time: 00:14:49

Health: -12/76     AC:  6    Str: 26    XL:     9   Next: 20%
Magic:  12/12      EV: 11    Int: 18    God:    Cheibriados [***...]
Gold:   287        SH:  0    Dex: 16    Spells: 5/13 levels left

rFire    x . .     SeeInvis .     - Unarmed
rCold    + . .     Gourm    +   (no shield)
rNeg     . . .     Faith    .   b - +0 robe
rPois    .         Spirit   .   (helmet restricted)
rElec    .         Reflect  .   (no cloak)
rCorr    .         Harm     .   (gloves unavailable)
MR       .....                  (boots unavailable)
Stlth    ++........             o - amulet of magic regeneration
HPRegen  0.62/turn              m - ring of ice
MPRegen  0.38/turn              F - ring of flight

@: very slow
A: large, unfitting armour, claws 3, fast metabolism 3, gourmand, regeneration
1, shaggy fur 1, tough skin 3
a: Bend Time, Temporal Distortion, Renounce Religion, Evoke Flight


You were on level 1 of the Abyss.
You worshipped Cheibriados.
Cheibriados was most pleased with you.
You were very full.

You visited 2 branches of the dungeon, and saw 8 of its levels.
You visited the Abyss 1 time.

You collected 287 gold pieces.

Inventory:

Missiles
 a - 74 arrows
 v - 3 atropa-tipped darts (quivered)
Armour
 b - a +0 robe (worn)
Jewellery
 m - a ring of ice (left claw)
 o - an amulet of magic regeneration (around neck)
 F - a ring of flight (right claw)
Wands
 u - a wand of clouds (4)
 C - a wand of flame (13)
Scrolls
 c - 3 scrolls of teleportation
 g - 6 scrolls of identify {unknown}
 n - 3 scrolls of remove curse
 q - a scroll of magic mapping {unknown}
 t - a scroll of amnesia {unknown}
 w - 2 scrolls of enchant weapon {unknown}
 x - 2 scrolls of noise {unknown}
 y - 2 scrolls of immolation {unknown}
 B - a scroll of enchant armour {unknown}
Potions
 f - a potion of experience {unknown}
 h - a potion of ambrosia {unknown}
 i - 3 potions of curing {unknown}
 j - 2 potions of might {unknown}
 k - a potion of berserk rage {unknown}
 l - 2 potions of heal wounds
 p - 2 potions of haste {unknown}
 r - 2 potions of mutation {unknown}
 s - a potion of brilliance {unknown}
 z - a potion of cancellation {unknown}
 A - a potion of stabbing {unknown}
 D - a potion of degeneration {unknown}
 E - a potion of flight {unknown}
Comestibles
 d - 9 rations


   Skills:
 + Level 1.4 Fighting
 + Level 3.4 Dodging
 + Level 0.5 Stealth
 * Level 9.4 Unarmed Combat
 + Level 2.7 Spellcasting
 * Level 4.5 Transmutations
 + Level 0.1 Ice Magic
 + Level 0.7 Poison Magic
 * Level 0.9 Invocations


You had 5 spell levels left.
You knew the following spells:

 Your Spells              Type           Power        Failure   Level  Hunger
a - Beastly Appendage     Tmut           ###...       2%          1    #......
b - Spider Form           Tmut/Pois      ##........   17%         3    ###....
c - Ice Form              Ice/Tmut       ###.....     54%         4    #####..

Your spell library contained the following spells:

 Spells                   Type           Power        Failure   Level  Hunger
 Sticks to Snakes         Tmut           ###.....     4%          2    ##.....
 Blade Hands              Tmut           ###.......   58%         5    ######.


Dungeon Overview and Level Annotations

Branches:
Dungeon (7/15)             Temple (1/1) D:4

Altars:
Ashenzari
Cheibriados
Elyvilon
Fedhas
Gozag
Hepliaklqana
Kikubaaqudgha
Makhleb
Ru
Sif Muna
Trog
Xom
Yredelemnul
Zin
The Shining One

Shops:
D:4 (


Innate Abilities, Weirdness & Mutations

You are too large for most types of armour.
You have claws for hands.
Your metabolism is lightning-fast.
You like to eat raw meat.
Your natural rate of healing is unusually fast.
You are covered in fur. (AC +1)
You have extremely tough skin. (AC +3)


Message History

You start resting.
Your talons disappear.
You start resting.
A large abomination coalesces out of pure chaos.
A large abomination is nearby!
You start resting.
The large abomination is too close now for your liking.
Unknown command.
Unknown command.
Unknown command.
The large abomination closely misses you.
The large abomination hits you!!
* * * LOW HITPOINT WARNING * * *
You see here a wand of polymorph (7).
Unknown command.
Unknown command.
As you read the scroll of fear, it crumbles to dust.
You assume a fearsome visage.
The large abomination is unaffected.
The large abomination hits you!!
You die...

# . . . # ##.
.#.. #.# #..
..##.. # # ###
#.#.# ..# .##
..##..#..###
#.. ##
#.#@......#
#.X.. #
#.X##..####
#..##..#..#
#.#
#.......##..#
# #.
#..#..##..##.#
# ...# # ## #
#.....##### .#
# ###. # #. #
. .# # .


You could see a large abomination.

Vanquished Creatures
  A large abomination (Abyss:1)
  Grinder (D:6)
  Sigmund (D:5)
  Eustachio (D:5)
  A hungry ghost (D:6)
  Duvessa (D:4)
  An ice beast (D:6)
  A phantom (D:4)
  2 sky beasts (D:5)
  An ogre (D:4)
  2 bullfrogs
  Dowan (D:4)
  3 wights (D:6)
  3 hounds
  A centaur skeleton (D:5)
  3 orc wizards
  Jessica (D:2)
  An iguana (D:4)
  3 worker ants
  A worker ant zombie (D:5)
  A howler monkey skeleton (D:5)
  10 adders
  An ooze (D:1)
  2 adder skeletons
  4 worms
  A dart slug (D:3)
  4 leopard geckos
  15 orcs
  4 bats (D:3)
  A giant cockroach (D:4)
  10 goblins
  8 hobgoblins
  7 jackals
  3 kobolds
  2 quokkas
  4 frilled lizards
  A leopard gecko zombie (D:5)
  A quokka skeleton (D:5)
  8 rats
117 creatures vanquished.

Notes
Turn   | Place    | Note
-------+----------+-------------------------------------------
     0 | D:1      | Snicker the Troll Transmuter began the quest for the Orb.
     0 | D:1      | Reached XP level 1. HP: 18/18 MP: 1/1
   101 | D:1      | Reached XP level 2. HP: 26/26 MP: 0/2
  1033 | D:2      | Noticed Jessica
  1048 | D:2      | Reached XP level 3. HP: 32/32 MP: 1/3
  1061 | D:2      | Killed Jessica
  1061 | D:2      | Reached skill level 4 in Unarmed Combat
  1124 | D:2      | Found a shattered altar of Ashenzari.
  1229 | D:2      | Reached XP level 4. HP: 40/40 MP: 5/5
  1514 | D:3      | Found a snail-covered altar of Cheibriados.
  1525 | D:3      | Became a worshipper of Cheibriados the Contemplative
  1805 | D:3      | Found a faded altar of an unknown god.
  1871 | D:3      | Learned a level 3 spell: Spider Form
  2106 | D:3      | Reached XP level 5. HP: 46/46 MP: 6/6
  2242 | D:3      | Reached * piety under Cheibriados
  2242 | D:3      | Reached skill level 5 in Unarmed Combat
  2322 | D:4      | Found Qifulus's Antique Weapon Shop.
  2432 | D:4      | Found a glowing golden altar of the Shining One.
  2436 | D:4      | Found an opulent altar of Gozag.
  2468 | D:4      | Found a staircase to the Ecumenical Temple.
  2474 | Temple   | Entered the Ecumenical Temple
  2740 | D:4      | Noticed Duvessa
  2740 | D:4      | Noticed Dowan
  2760 | D:4      | Killed Duvessa
  2760 | D:4      | Reached XP level 6. HP: 36/54 MP: 5/7
  2764 | D:4      | Killed Dowan
  3149 | D:4      | Reached skill level 6 in Unarmed Combat
  3149 | D:4      | Reached XP level 7. HP: 46/61 MP: 8/8
  3185 | D:4      | Found a burning altar of Makhleb.
  3239 | D:4      | Reached ** piety under Cheibriados
  3452 | D:5      | Entered Level 5 of the Dungeon
  3462 | D:5      | Found an ancient bone altar of Kikubaaqudgha.
  3557 | D:5      | Noticed Sigmund
  3572 | D:5      | Killed Sigmund
  3572 | D:5      | Reached skill level 1 in Fighting
  3632 | D:5      | Reached skill level 7 in Unarmed Combat
  3723 | D:5      | Reached XP level 8. HP: 41/70 MP: 10/10
  3845 | D:5      | Noticed Eustachio
  3854 | D:5      | Killed Eustachio
  4237 | D:6      | Learned a level 4 spell: Ice Form
  4290 | D:6      | Reached skill level 8 in Unarmed Combat
  4562 | D:6      | Reached *** piety under Cheibriados
  4668 | D:6      | Noticed Grinder
  4687 | D:6      | Killed Grinder
  4687 | D:6      | Reached skill level 9 in Unarmed Combat
  5014 | D:7      | Reached XP level 9. HP: 76/76 MP: 11/11
  5029 | D:7      | Cast into level 1 of the Abyss (orc wizard)
  5080 | Abyss:1  | Noticed a large abomination
  5095 | Abyss:1  | HP: 1/76 [large abomination (17)]
  5096 | Abyss:1  | Killed a large abomination
  5127 | Abyss:1  | Noticed a large abomination
  5139 | Abyss:1  | Mangled by a large abomination

Illustrated notes

Levels and vault maps discovered:
D:1:      dpeg_arrival_court, layout_loops_corners, minmay_tromino_v4_c
D:2:      layout_rooms, evilmike_ruin_ashenzari, uniq_jessica
D:3:      layout_basic, kennysheep_slug_shrine, chequers_ecumenical_altar_simple
D:4:      layout_rooms, kennysheep_little_box,
          chequers_temple_overflow_statue_of_worship, minmay_temple_entry_hall,
          serial_shops, nicolae_shop_stone, first_ration,
          minmay_misc_feat_enclosed, uniq_duvessa
D:5:      minmay_bubble_buster, layout_loops_ring, kiku_gazebo_pond_becter,
          kennysheep_generic_room_4, uniq_sigmund, uniq_eustachio
D:6:      layout_loops_ring, minmay_misc_feat_rugged, uniq_grinder
D:7:      minmay_chambers_of_sixes, layout_basic, lemuel_crystal_altar,
          nicolae_overflow_crystal_walls, grunt_temple_overflow_open,
          gammafunk_ghost_cemetery, the_bakery
Temple:   grunt_temple_mini_profane
Abyss:1:  base:
D:10

Skill      XL: |  1  2  3  4  5  6  7  8 |
---------------+-------------------------+-----
Unarmed Combat | 4 5 6 7 9 |  9.4
Transmutations | 2 3 4 |  4.5
Dodging        | 2 3 |  3.4
Fighting       | 1 |  1.4
Spellcasting   | 2 |  2.7
Stealth        | |  0.5
Ice Magic      | |  0.1
Poison Magic   | |  0.7
Invocations    | |  0.9

Action                   |  1- 3 |  4- 6 |  7- 9 || total
-------------------------+-------+-------+-------++-------
Melee: Unarmed           |    61 |   110 |   149 ||   320
       Kick              |     5 |     7 |    28 ||    40
       Headbutt          |     5 |     5 |     2 ||    12
       Punch             |       |     2 |     5 ||     7
 Cast: Beastly Appendage |    15 |    20 |    18 ||    53
       Spider Form       |       |     2 |     3 ||     5
       Ice Form          |       |       |     1 ||     1
  Use: Scroll            |       |     3 |     1 ||     4
       Potion            |       |     1 |       ||     1
 Stab: Sleeping          |     1 |       |       ||     1
  Eat: Chunk             |    17 |    14 |    23 ||    54
Armor: Robe              |    14 |    49 |    29 ||    92
       Skin              |       |     1 |     4 ||     5
Dodge: Dodged            |    25 |    69 |    77 ||   171
